 Dungeon Crawl Stone Soup version 0.26.0-20-g3ca415f5b8 (webtiles) character file.

Game seed: 10287162617608809686

55 kaeus the Insei (level 3, 0/23 HPs)
             Began as an Octopode Transmuter on Jan 25, 2021.
             Slain by a giant cockroach (1 damage)
             ... on level 2 of the Dungeon.
             The game lasted 00:01:28 (1630 turns).

kaeus the Insei (Octopode Transmuter)               Turns: 1630, Time: 00:01:29

Health: 0/23       AC:  1    Str:  9    XL:     3   Next: 93%
Magic:  6/6        EV: 14    Int: 15    God:
Gold:   33         SH:  0    Dex: 13    Spells: 5/6 levels left

rFire    . . .     SeeInvis .   c - +0 dagger
rCold    . . .     Faith    .   (no shield)
rNeg     . . .     Spirit   .   (helmet restricted)
rPois    +         Reflect  .   (no amulet)
rElec    .         Harm     .   i - ring of poison resistance
rCorr    .         Rampage  .   (no ring)
Will     .....                  (no ring)
Stlth    +++.......             (no ring)
HPRegen  0.07/turn              (no ring)
MPRegen  0.10/turn              (no ring)
                                (no ring)
                                (no ring)

@: no status effects
A: almost no armour, stealthy swim, amphibious, 8 rings, constrict 8, camouflage
1, gelatinous body 1
a: no special abilities


You were on level 2 of the Dungeon.
You visited 1 branch of the dungeon, and saw 2 of its levels.

You collected 33 gold pieces.

Inventory:

Hand Weapons
 c - a +0 dagger (weapon)
Jewellery
 i - a ring of poison resistance (left tentacle)
Scrolls
 a - 3 scrolls of identify {unknown}
 g - a scroll of teleportation {unknown}
 j - 2 scrolls of immolation {unknown}
Potions
 b - a potion of resistance {unknown}
 d - a potion of might {unknown}
 e - a potion of flight {unknown}
 f - a potion of lignification {unknown}
 h - a potion of magic {unknown}


   Skills:
 + Level 1.4 Fighting
 + Level 2.4 Dodging
 + Level 1.3 Stealth
 + Level 3.3 Unarmed Combat
 + Level 2.2 Spellcasting
 * Level 2.8 Transmutations


You had 5 spell levels left.
You knew the following spells:

 Your Spells              Type           Power        Failure   Level
a - Beastly Appendage     Tmut           20%          7%          1

Your spell library contained the following spells:

 Spells                   Type           Power        Failure   Level
 Wereblood                Tmut           10%          11%         2
 Spider Form              Tmut/Pois      2%           36%         3
 Ice Form                 Ice/Tmut       5%           77%         4
 Blade Hands              Tmut           5%           88%         5


Dungeon Overview and Level Annotations

Branches:
Dungeon (2/15)

Altars:
Uskayaw


Innate Abilities, Weirdness & Mutations

You cannot wear most types of armour.
You are very stealthy in the water. (Stealth+)
You are amphibious.
You can wear up to eight rings at the same time.
You can use your tentacles to constrict eight enemies at once.
Your skin changes colour to match your surroundings (Stealth+).
Your rubbery body absorbs attacks. (AC +1, EV +1)


Message History

You hit the jackal. You grab the jackal. You squeeze the jackal.
You kill the jackal!
The giant cockroach bites you but does no damage.
You hit the giant cockroach but do no damage.
Your grab misses the giant cockroach. The giant cockroach closely misses you.
You closely miss the giant cockroach. You grab the giant cockroach.
You constrict the giant cockroach, but do no damage.
The giant cockroach bites you.
* * * LOW HITPOINT WARNING * * *
You take 2 damage, and have 2/23 hp.
You completely miss the giant cockroach.
Your squeeze misses the giant cockroach.
You constrict the giant cockroach. The giant cockroach bites you.
* * * LOW HITPOINT WARNING * * *
You take 1 damage, and have 1/23 hp.
You hit the giant cockroach but do no damage.
The giant cockroach is moderately wounded.
You constrict the giant cockroach. The giant cockroach closely misses you.
The giant cockroach bites you.
You die...

#....#....# ......
#....#....# .####[
#....#....# #.
#....#....######## #.
###..h#............
..
.##...†..#.#.########
###
.........#.##########
.
###......#†B.........
#####.!†@..[.......
#..#†#######...#. .#
#..#.# .#.##.#
....#.# # #.....
####.#.# #. #..#.#
#...# #.#+#..#.#
##... #......#.# .>.
#......#.#
######........#


You could see a giant cockroach.

Vanquished Creatures
  2 dart slugs (D:1)
  5 leopard geckos (D:1)
  A ball python (D:2)
  3 giant cockroaches (D:1)
  4 goblins (D:1)
  8 hobgoblins
  7 jackals (D:2)
  4 bats (D:1)
  3 kobolds (D:1)
  A rat (D:1)
38 creatures vanquished.

Notes
Turn   | Place    | Note
-------+----------+-------------------------------------------
     0 | D:1      | kaeus the Octopode Transmuter began the quest for the Orb.
     0 | D:1      | Reached XP level 1. HP: 13/13 MP: 3/3
    56 | D:1      | Reached XP level 2. HP: 18/18 MP: 3/5
   314 | D:1      | Reached skill level 1 in Stealth
   388 | D:1      | Reached XP level 3. HP: 19/23 MP: 4/6
  1536 | D:2      | Found a hide-covered altar of Uskayaw.
  1629 | D:2      | HP: 1/23 [giant cockroach (1)]
  1630 | D:2      | Slain by a giant cockroach

Illustrated notes

Levels and vault maps discovered:
D:1:      saegor_arrival_simple_a, layout_basic
D:2:      layout_basic, kiku_gazebo_pond_becter, overflow_temple_1_default,
          vehumet_crystals

Skill      XL: |  1  2 |
---------------+-------+-----
Stealth        | 1 |  1.3
Fighting       | |  1.4
Dodging        | |  2.4
Unarmed Combat | |  3.3
Spellcasting   | |  2.2
Transmutations | |  2.8

Action                   || total
-------------------------++-------
Melee: Unarmed           ||    27
       Kick              ||    21
       Constrict         ||    29
       Dagger            ||    58
       Tentacles         ||    12
       Punch             ||     1
 Cast: Beastly Appendage ||    24
 Stab: Sleeping          ||     5
Armor: Skin              ||    13
Dodge: Dodged            ||    81
